 Dungeon Crawl Stone Soup version 0.16-a0-3667-g690a316 (webtiles) character file.

81 Vlagh999 the Ruffian (level 4, -15/52 HPs)
             Began as a Bearkin Fighter on Aug 6, 2015.
             Demolished by baronSamedi's ghost (16 damage)
             ... on level 3 of the Dungeon.
             The game lasted 00:05:38 (1855 turns).

Vlagh999 the Ruffian (Bearkin Fighter)              Turns: 1855, Time: 00:05:38

Health: -15/52     AC: 11    Str: 26    XL:     4   Next: 20%
Magic:  4/4        EV:  7    Int:  7    God:
Gold:   143        SH:  9    Dex:  9    Spells: 0 memorised, 3 levels left

rFire  . . .     SeeInvis .       - Unarmed
rCold  . . .     Rnd*Rage +     b - +0 scale mail
rNeg   . . .     SustAb   .     c - +0 shield
rPois  .         Gourm    .     (helmet restricted)
rElec  .         Spirit   .     (no cloak)
rCorr  .         Warding  .     (no gloves)
rMut   .         Stasis   .     (no boots)
MR     .....                    (no amulet)
Stlth  ..........               (no ring)
                                (no ring)

@: berserking, very quick, not resistant to hostile enchantments, extremely
unstealthy
A: claws 1, horns 1, rough black scales 1, berserk 1, shaggy fur 1, hind claws
2, cornered berserk
a: Cornered Berserk


You were on level 3 of the Dungeon.
You were not hungry.

You visited 1 branch of the dungeon, and saw 3 of its levels.

You collected 143 gold pieces.

Inventory:

Hand weapons
 a - a +0 blowgun
Missiles
 d - 8 tomahawks (quivered)
 m - 21 poisoned needles
Armour
 b - a +0 scale mail (worn)
 c - a +0 shield (worn)
Magical devices
 g - a wand of digging (8)
Scrolls
 f - 4 scrolls of identify {unknown}
 h - 3 scrolls of remove curse {unknown}
Potions
 e - a potion of curing
 i - a potion of resistance
Comestibles
 j - 2 meat rations
 l - a beef jerky
 n - 2 bread rations
 o - a chunk of flesh


   Skills:
 - Level 3.0 Fighting
 - Level 2.0 Armour
 + Level 2.9 Shields
 + Level 3.6 Unarmed Combat


You had 3 spell levels left.
You didn't know any spells.

Dungeon Overview and Level Annotations

Branches:
Dungeon (3/15)

Altars:
Elyvilon
Sif Muna

Annotations:
D:3 baronSamedi's ghost, average BeBe


Innate Abilities, Weirdness & Mutations

You have sharp fingernails.
You are covered in fur (AC +1).
Your hind legs have sharp claws.
You can berserk when greatly wounded.
You have a pair of small horns on your head.
You are partially covered in rough black scales (AC +4, Dex -1).
You tend to lose your temper in combat.


Message History

BaronSamedi's ghost hits you! x2
* * * LOW HITPOINT WARNING * * *
Use which ability? (? or * to list)
A red film seems to cover your vision as you go berserk!
You feel yourself moving faster!
You feel mighty! BaronSamedi's ghost closely misses you.
You completely miss baronSamedi's ghost.
You claw baronSamedi's ghost, but do no damage.
Your headbutt misses baronSamedi's ghost.
BaronSamedi's ghost is moderately damaged.
You claw baronSamedi's ghost!
BaronSamedi's ghost is heavily damaged.
BaronSamedi's ghost hits you.
* * * LOW HITPOINT WARNING * * *
Unknown command.
You miss baronSamedi's ghost.
Your hind claws misses baronSamedi's ghost.
BaronSamedi's ghost is heavily damaged.
BaronSamedi's ghost hits you!
You die...

#.# #.# #.#
#.# #.# # #
#.# .# ..#
#.##.#...#
#.#.......>
#.@W.......
###........
#.#...# (#
..# . . ##


You could see baronSamedi's ghost.

Vanquished Creatures
  3 adders (D:2)
  2 giant geckos
  4 oozes (D:2)
  2 ball pythons
  2 bats (D:1)
  4 hobgoblins
  3 jackals (D:1)
  3 giant cockroaches
  6 giant newts
  10 goblins
  8 kobolds
  3 rats
50 creatures vanquished.

Notes
Turn   | Place    | Note
--------------------------------------------------------------
     0 | D:1      | Vlagh999, the Bearkin Fighter, began the quest for the Orb.
     0 | D:1      | Reached XP level 1. HP: 18/18 MP: 1/1
   241 | D:1      | Reached XP level 2. HP: 22/24 MP: 2/2
   722 | D:2      | Found a deep blue altar of Sif Muna.
   769 | D:2      | Reached XP level 3. HP: 5/29 MP: 3/3
  1195 | D:2      | Gained mutation: Your hind legs have sharp claws. [bearkin transformation]
  1195 | D:2      | Reached XP level 4. HP: 22/35 MP: 4/4
  1527 | D:3      | Found a white marble altar of Elyvilon.
  1845 | D:3      | Noticed baronSamedi's ghost (average BeBe)
  1846 | D:3      | Gained mutation: You have a pair of small horns on your head. [potion of mutation]
  1846 | D:3      | Gained mutation: You are partially covered in rough black scales (AC +4, Dex -1). [potion of mutation]
  1846 | D:3      | Gained mutation: You tend to lose your temper in combat. [potion of mutation]
  1854 | D:3      | HP: 1/52 [baronSamedi's ghost (5)]
  1855 | D:3      | Demolished by baronSamedi's ghost

Action                   |  1- 3 |  4- 6 || total
-------------------------+-------+-------++-------
Melee: Unarmed           |   158 |    40 ||   198
 Fire: Blowgun           |       |     2 ||     2
Throw: Tomahawk          |       |     6 ||     6
 Abil: Cornered Berserk  |     1 |     1 ||     2
  Use: Potion            |     3 |     2 ||     5
  Eat: Chunk             |     2 |     2 ||     4
